 Dungeon Crawl Stone Soup version 0.13-a0-2474-g552a472 (webtiles) character file.

1625 JogiH the Magician (level 8, -11/68 HPs)
             Began as a Djinni Wizard on July 18, 2013.
             Was a Follower of Sif Muna.
             Mangled by bmpenner's ghost (14 damage)
             ... in a sewer.
             The game lasted 00:31:32 (10202 turns).

JogiH the Magician (Djinni Wizard)                 Turns: 10202, Time: 00:31:32

HP -11/68        AC  5     Str 12      XL: 8   Next: 37%
MP   0/0         EV 12     Int 25      God: Sif Muna [*.....]
Gold 269         SH  0     Dex 13      Spells:  7 memorised,  7 levels left

Res.Fire  : + + +   See Invis. : .   p - +2 quarterstaff (chaos)
Res.Cold  : x . .   Warding    : .   a - +0 robe
Life Prot.: + + +   Conserve   : .   (no shield)
Res.Poison: .       Res.Corr.  : .   b - +0 wizard hat
Res.Elec. : .       Clarity    : .   q - +2 cloak
Sust.Abil.: . .     Spirit.Shd : .   (no gloves)
Res.Mut.  : .       Stasis     : .   (boots unavailable)
Res.Rott. : .       Flight     : .   (no amulet)
Saprovore : . . .                    C - ring of protection from fire
                                     i - cursed ring of hunger

@: mighty, brilliant, very slightly contaminated, very slow, slightly resistant
to hostile enchantments, unstealthy
A: no striking features
a: Channel Energy, Renounce Religion


You were in a sewer.
You worshipped Sif Muna.
Sif Muna was pleased with you.
You were not hungry.

You visited 2 branches of the dungeon, and saw 7 of its levels.
You also visited: Sewer.

You collected 249 gold pieces.

Inventory:

Hand weapons
 f - a +0,+0 dwarven hand axe
 n - a cursed -2,-1 orcish dagger (quivered)
 p - a +2,+2 quarterstaff of chaos (weapon)
 A - a +2,+1 sling of flame
 B - a cursed -2,-2 orcish short sword
 G - a +0,+0 dagger of chaos
 I - a +2,+1 dwarven short sword of speed
Armour
 a - a +0 robe (worn)
 b - a +0 wizard hat (worn)
 q - a +2 cloak (worn)
Magical devices
 m - a wand of flame (10) {unknown}
 o - a wand of slowing (3)
 y - a wand of digging (15) {unknown}
 z - a wand of polymorph (5) {unknown}
 D - a wand of frost (2)
Scrolls
 d - 7 scrolls of remove curse {unknown}
 e - 7 scrolls of identify
 h - 3 scrolls of teleportation {unknown}
 j - a scroll of enchant weapon I {unknown}
 t - 2 scrolls of curse armour {unknown}
 u - 2 scrolls of curse jewellery {unknown}
 E - a scroll of noise {unknown}
 F - a scroll of random uselessness {unknown}
 H - a scroll of blinking {unknown}
 K - a scroll of fear {unknown}
Jewellery
 i - a cursed ring of hunger (left hand)
 C - a ring of protection from fire (right hand)
Potions
 g - a potion of flight {unknown}
 k - 2 potions of might
 r - a potion of resistance {unknown}
 s - 3 potions of brilliance
 v - 2 potions of curing {unknown}
 w - a potion of restore abilities {unknown}
 x - a potion of agility {unknown}
 J - 2 potions of magic {unknown}
Books
 c - a book of Minor Magic

   Spells                             Type                      Level
   *Magic Dart                        Conjuration                  1
   *Blink                             Translocation                2
   *Call Imp                          Summoning                    2
   *Repel Missiles                    Charms/Air                   2
   *Slow                              Hexes                        2
   *Conjure Flame                     Conjuration/Fire             3
   *Mephitic Cloud                    Conjuration/Poison/Air       3


   Skills:
 - Level 1.0 Staves
 - Level 1.7 Dodging
 - Level 1.5 Stealth
 + Level 7.7 Spellcasting
 * Level 7.6 Conjurations
 * Level 2.8 Summonings
 - Level 2.0 Translocations
 - Level 1.0 Fire Magic
 - Level 1.2 Air Magic
 - Level 1.0 Poison Magic


You had 7 spell levels left.
You knew the following spells:

 Your Spells              Type           Power        Failure   Level  Hunger
a - Magic Dart            Conj           ####         1%          1    None
b - Blink                 Tloc           N/A          1%          2    None
c - Call Imp              Summ           #####.....   1%          2    None
d - Conjure Flame         Conj/Fire      #####...     1%          3    None
e - Mephitic Cloud        Conj/Pois/Air  #####...     1%          3    None
f - Repel Missiles        Chrm/Air       ####......   1%          2    None
g - Slow                  Hex            ###.....     1%          2    None


Dungeon Overview and Level Annotations

Branches:
Dungeon (6/27)             Temple (1/1) D:5
    Orc: D:6-11

Altars:
Ashenzari
Cheibriados
Elyvilon
Fedhas
Makhleb
Nemelex Xobeh
Okawaru
Sif Muna
Trog
Xom
Yredelemnul
the Shining One

Annotations
Sewer bmpenner's ghost, experienced GrMo


Message History

Press: ? - help, Dir - move target cursor, f - bmpenner's ghost
Aim: bmpenner's ghost
Okay, then.
You heave yourself high above the water.
Casting: Conjure Flame
Confirm with . or Enter, or press ? or * to list all spells.
You miscast Blink.
You are very lightly contaminated with residual magic.
Your skin tingles.
Bmpenner's ghost hits you!
* * * LOW HITPOINT WARNING * * *
Casting: Blink
Confirm with . or Enter, or press ? or * to list all spells.
You blink.
Drink which item? (? for menu, Esc to quit)
You feel more clever all of a sudden.
It was a potion of brilliance.
Drink which item? (? for menu, Esc to quit)
You feel very mighty all of a sudden.
It was a potion of might.
Bmpenner's ghost hits you!
You die...

#..≈..####..≈≈≈#####.≈≈..####.
##.≈≈## ##.≈≈#######.≈.##
##≈## ##≈####.####≈## #≈#
#≈###..)###≈# #%#
#≈##.)∩..≈≈≈# #%#
#≈###≈..###≈# ##≈##
##≈####.####≈## ##.≈≈##
##.≈p#######.≈.##
#.≈≈.≈####..≈@.#####..≈..####.
#≈...≈≈≈≈≈....≈≈≈≈≈≈≈.∩≈.≈≈≈≈≈
#..≈≈≈####..≈(.#####.≈...####.
##.≈.## ##...## ##≈≈.## #####
##≈## ##≈## #)# #≈# #≈# #≈#
##≈## #≈# #≈≈≈# ..≈


You could see bmpenner's ghost.

Vanquished Creatures
  A necrophage (D:5)
  A phantom (D:4)
  An ogre (D:4)
  A water moccasin (D:5)
  A big kobold (Sewer)
  Blork the orc (D:5)
  6 crimson imps (D:5)
  3 hounds (D:4)
  A quasit (D:5)
  Crazy Yiuf (D:2)
  A scorpion (D:4)
  A black bear skeleton (D:5)
  An orc wizard (D:4)
  6 worker ants
  An iguana (D:4)
  A sky beast zombie (D:5)
  A green rat (D:6)
  10 adders
  A giant mite (D:6)
  5 gnolls
  7 worms
  An iguana zombie (D:5)
  2 grey rats (D:6)
  4 giant geckos
  10 orcs
  12 bats
  6 giant cockroaches
  6 hobgoblins
  5 jackals
  14 kobolds
  2 quokkas (D:4)
  A giant gecko skeleton (D:4)
  8 giant newts
  16 goblins
  A jackal skeleton (D:4)
  14 rats
154 creatures vanquished.

Vanquished Creatures (collateral kills)
  A hobgoblin (D:2)
  A jackal (D:1)
2 creatures vanquished.

Vanquished Creatures (others)
  3 crimson imps (D:2)
3 creatures vanquished.

Grand Total: 159 creatures vanquished

Notes
Turn   | Place    | Note
--------------------------------------------------------------
     0 | D:1      | JogiH, the Djinni Wizard, began the quest for the Orb.
     0 | D:1      | Reached XP level 1. HP: 14/14 MP: 0/0
   369 | D:1      | Reached skill level 4 in Spellcasting
   420 | D:1      | Reached XP level 2. EP: 23/23
   434 | D:1      | Learned a level 2 spell: Blink
   437 | D:1      | Learned a level 2 spell: Call Imp
  1453 | D:2      | Found a shattered altar of Ashenzari.
  1694 | D:2      | Reached XP level 3. EP: 16/29
  1776 | D:2      | Learned a level 3 spell: Conjure Flame
  1780 | D:2      | Learned a level 3 spell: Mephitic Cloud
  1931 | D:2      | Noticed Crazy Yiuf
  2101 | D:2      | Killed Crazy Yiuf
  2195 | D:2      | Found an iron altar of Okawaru.
  2202 | D:2      | Reached XP level 4. EP: 7/37
  2779 | D:2      | Reached skill level 5 in Spellcasting
  3676 | D:3      | Reached XP level 5. EP: 27/44
  3958 | D:3      | Found a sparkling altar of Nemelex Xobeh.
  4198 | D:4      | Reached skill level 1 in Fire Magic
  4454 | D:4      | Reached skill level 1 in Staves
  4633 | D:3      | Found a glowing golden altar of the Shining One.
  5333 | D:4      | Reached XP level 6. EP: 16/53
  6247 | D:4      | Reached skill level 5 in Conjurations
  6341 | D:4      | Noticed an ogre
  6347 | D:4      | Killed an ogre
  6347 | D:4      | Reached skill level 6 in Spellcasting
  6459 | D:4      | Noticed a phantom
  6464 | D:4      | Killed a phantom
  6464 | D:4      | Reached XP level 7. EP: 33/59
  7132 | D:5      | Entered Level 5 of the Dungeon
  7132 | D:5      | Found a staircase to the Ecumenical Temple.
  7132 | D:5      | Noticed Blork the orc
  7144 | D:5      | Killed Blork the orc
  7144 | D:5      | Reached skill level 1 in Air Magic
  7144 | D:5      | Reached skill level 1 in Poison Magic
  7361 | Temple   | Entered the Ecumenical Temple
  7368 | Temple   | Became a worshipper of Sif Muna the Loreminder
  8161 | D:5      | Found a shimmering altar of Xom.
  8324 | D:5      | Reached skill level 7 in Spellcasting
  8773 | D:5      | Reached XP level 8. EP: 60/67
  8808 | D:5      | Learned a level 2 spell: Repel Missiles
  8811 | D:5      | Learned a level 2 spell: Slow
  9082 | D:5      | Acquired Sif Muna's first power
  9629 | D:6      | Found a glowing drain.
  9794 | Sewer    | Entered a sewer
 10170 | Sewer    | Noticed bmpenner's ghost (experienced GrMo)
 10202 | Sewer    | Mangled by bmpenner's ghost

Action                   |  1- 3 |  4- 6 |  7- 9 || total
-------------------------+-------+-------+-------++-------
Melee: Hand axe          |    10 |       |       ||    10
       Quarterstaff      |       |    42 |    43 ||    85
 Cast: Magic Dart        |    57 |   163 |   178 ||   398
       Call Imp          |     8 |     3 |     6 ||    17
       Conjure Flame     |     3 |    24 |    17 ||    44
       Mephitic Cloud    |     3 |     9 |     7 ||    19
       Blink             |     1 |       |     9 ||    10
       Repel Missiles    |       |       |     1 ||     1
  Use: Scroll            |       |     2 |       ||     2
       Potion            |       |       |     5 ||     5
 Stab: Confused          |     1 |       |       ||     1
       Distracted        |       |     1 |       ||     1
